General information
- name: BNet
- type: Ladder team game (AT/RT)
- host: Battle.net
- saver: Teelo
map: FullScaleAssault
- players: 8
- length: 09:34
- speed: Fast
- version: 1.26 W3XP
- replay type: Public
» download(61 KB)
Players
team 1 (winner)
FFASuckC0ck (
purple | 178 APM | 1702 actions | 09:32)
3 Paladin
2 Holy Light
1 Devotion Aura
» actions
| Assign group hotkey | 28 | |
| Basic commands | 37 | |
| Build / train | 55 | |
| ESC pressed | 2 | |
| Enter build submenu | 23 | |
| Enter hero's abilities submenu | 4 | |
| Give item / drop item | 3 | |
| Right click | 413 | |
| Select / deselect | 163 | |
| Select group hotkey | 927 | |
| Use ability | 47 | |
1702 total
» units
| Peasant | 28 | |
| Footman | 8 | |
| Goblin Shredder | 1 | |
37 total
» upgrades
» buildings
| Barracks | 1 | |
| Altar of Kings | 1 | |
| Farm | 5 | |
| Town Hall | 1 | |
| Arcane Vault | 2 | |
| Keep | 1 | |
| Lumber Mill | 1 | |
| Blacksmith | 2 | |
| Castle | 1 | |
| Arcane Sanctum | 3 | |
| Workshop | 3 | |
| Gryphon Aviary | 2 | |
23 total
» build order
00:08 Barracks
00:10 Altar of Kings
00:14 Farm
00:51 Farm
01:52 Farm
03:16 Town Hall
03:22 Arcane Vault
05:11 Farm
05:12 Keep
05:26 Lumber Mill
05:37 Blacksmith
06:25 Farm
07:22 Blacksmith
07:41 Castle
07:45 Arcane Vault
07:46 Arcane Sanctum
07:48 Arcane Sanctum
07:50 Workshop
07:52 Workshop
07:53 Gryphon Aviary
07:56 Gryphon Aviary
08:14 Arcane Sanctum
09:33 Workshop
» items
| Scroll of Regeneration | 3 | |
| Lesser Clarity Potion | 3 | |
6 total
Teelo (
pink | 55 APM | 529 actions | 09:34)
2 Paladin
1 Holy Light
1 Divine Shield
» actions
| Assign group hotkey | 27 | |
| Basic commands | 24 | |
| Build / train | 43 | |
| ESC pressed | 1 | |
| Enter build submenu | 34 | |
| Enter hero's abilities submenu | 2 | |
| Right click | 194 | |
| Select / deselect | 69 | |
| Select group hotkey | 82 | |
| Use ability | 53 | |
529 total
» units
» upgrades
» buildings
| Altar of Kings | 1 | |
| Farm | 4 | |
| Lumber Mill | 1 | |
| Scout Tower | 31 | |
| Arcane Tower | 1 | |
| Guard Tower | 16 | |
| Arcane Vault | 2 | |
| Keep | 1 | |
57 total
» build order
00:21 Altar of Kings
00:36 Farm
00:37 Farm
00:51 Lumber Mill
01:10 Scout Tower
01:23 Farm
01:40 Arcane Tower
02:26 Scout Tower
02:28 Scout Tower
02:40 Scout Tower
02:41 Scout Tower
02:54 Scout Tower
02:55 Scout Tower
02:57 Guard Tower
03:11 Scout Tower
03:12 Scout Tower
03:18 Guard Tower
03:41 Scout Tower
03:43 Scout Tower
03:44 Scout Tower
03:49 Scout Tower
03:50 Scout Tower
03:52 Guard Tower
04:24 Guard Tower
04:27 Scout Tower
04:34 Guard Tower
04:37 Scout Tower
04:53 Guard Tower
04:57 Farm
05:22 Guard Tower
05:24 Scout Tower
05:24 Scout Tower
05:26 Scout Tower
05:28 Guard Tower
05:28 Guard Tower
05:36 Scout Tower
05:59 Scout Tower
06:00 Guard Tower
06:04 Guard Tower
06:07 Scout Tower
06:08 Scout Tower
06:32 Scout Tower
06:33 Scout Tower
06:35 Guard Tower
06:48 Guard Tower
07:00 Scout Tower
07:01 Scout Tower
07:24 Guard Tower
07:39 Guard Tower
07:41 Arcane Vault
07:57 Guard Tower
08:02 Arcane Vault
08:03 Scout Tower
08:04 Scout Tower
08:29 Keep
09:15 Scout Tower
09:16 Scout Tower
» items
mickey (
red | 30 APM | 286 actions | 09:32)
2 Paladin
1 Holy Light
1 Devotion Aura
» actions
| Assign group hotkey | 3 | |
| Build / train | 27 | |
| Enter build submenu | 13 | |
| Enter hero's abilities submenu | 2 | |
| Right click | 68 | |
| Select / deselect | 114 | |
| Select group hotkey | 46 | |
| Use ability | 13 | |
286 total
» units
» upgrades
| Gunpowder | 3 | |
| Armor | 3 | |
| Lumber Harvesting | 2 | |
8 total
» buildings
| Keep | 1 | |
| Barracks | 1 | |
| Altar of Kings | 1 | |
| Farm | 7 | |
| Blacksmith | 1 | |
| Lumber Mill | 1 | |
| Castle | 1 | |
13 total
» build order
01:58 Keep
02:01 Barracks
02:03 Altar of Kings
02:07 Farm
02:18 Farm
02:30 Blacksmith
02:44 Lumber Mill
03:48 Farm
04:26 Castle
05:40 Farm
07:04 Farm
07:55 Farm
08:38 Farm

»
b00bieZZZ (
teal | 74 APM | 706 actions | 09:32)
2 Archmage
1 Summon Water Elemental
1 Brilliance Aura
» actions
| Assign group hotkey | 14 | |
| Basic commands | 38 | |
| Build / train | 26 | |
| Enter build submenu | 15 | |
| Enter hero's abilities submenu | 2 | |
| Right click | 123 | |
| Select / deselect | 159 | |
| Select group hotkey | 294 | |
| Use ability | 35 | |
706 total
» units
» upgrades
» buildings
| Altar of Kings | 1 | |
| Barracks | 2 | |
| Farm | 8 | |
| Lumber Mill | 1 | |
| Scout Tower | 2 | |
| Arcane Vault | 1 | |
| Arcane Tower | 1 | |
| Guard Tower | 1 | |
| Keep | 1 | |
| Blacksmith | 1 | |
| Castle | 1 | |
| Arcane Sanctum | 1 | |
21 total
» build order
00:07 Altar of Kings
00:13 Barracks
00:19 Farm
01:00 Farm
01:34 Lumber Mill
01:48 Farm
02:24 Scout Tower
02:36 Scout Tower
02:52 Arcane Vault
03:02 Arcane Tower
03:42 Guard Tower
04:19 Farm
04:36 Keep
05:40 Farm
05:51 Blacksmith
06:37 Barracks
07:56 Castle
07:58 Arcane Sanctum
08:28 Farm
08:29 Farm
08:30 Farm
team 2 (loser)

»
dimameizgegange (
blue | 18 APM | 168 actions | 09:32)
2 Crypt Lord
1 Carrion Beetles
1 Spiked Carapace
» actions
| Assign group hotkey | 11 | |
| Basic commands | 11 | |
| Build / train | 18 | |
| ESC pressed | 2 | |
| Enter build submenu | 11 | |
| Enter hero's abilities submenu | 2 | |
| Right click | 23 | |
| Select / deselect | 58 | |
| Select group hotkey | 20 | |
| Use ability | 12 | |
168 total
» units
| Acolyte | 7 | |
| Ghoul | 2 | |
| Crypt Fiend | 4 | |
13 total
» upgrades
| Creature Attack | 1 | |
| Creature Carapace | 1 | |
2 total
» buildings
| Altar of Darkness | 1 | |
| Ziggurat | 5 | |
| Crypt | 1 | |
| Graveyard | 1 | |
| Tomb of Relics | 1 | |
9 total
» build order
00:24 Altar of Darkness
00:28 Ziggurat
00:32 Ziggurat
04:00 Crypt
04:14 Graveyard
04:21 Ziggurat
04:22 Ziggurat
05:49 Ziggurat
05:53 Tomb of Relics
9ocket3dition (
orange | 71 APM | 639 actions | 09:02)
2 Archmage
1 Blizzard
1 Brilliance Aura
» actions
| Assign group hotkey | 12 | |
| Build / train | 29 | |
| Enter build submenu | 11 | |
| Enter hero's abilities submenu | 3 | |
| Remove unit from queue | 2 | |
| Right click | 257 | |
| Select / deselect | 100 | |
| Select group hotkey | 200 | |
| Use ability | 25 | |
639 total
» units
» upgrades
» buildings
| Altar of Kings | 1 | |
| Farm | 6 | |
| Barracks | 2 | |
| Scout Tower | 1 | |
| Arcane Tower | 1 | |
| Blacksmith | 1 | |
| Keep | 1 | |
13 total
» build order
00:21 Altar of Kings
00:43 Farm
00:55 Farm
01:02 Barracks
01:49 Farm
02:25 Scout Tower
02:27 Farm
02:54 Arcane Tower
02:59 Blacksmith
03:05 Farm
03:45 Barracks
05:35 Farm
07:07 Keep

»
father_time23 (
green | 29 APM | 273 actions | 09:15)
2 Paladin
1 Holy Light
1 Devotion Aura
» actions
| Assign group hotkey | 1 | |
| Build / train | 17 | |
| Enter build submenu | 13 | |
| Enter hero's abilities submenu | 2 | |
| Remove unit from queue | 1 | |
| Right click | 133 | |
| Select / deselect | 82 | |
| Use ability | 24 | |
273 total
» units
» upgrades
» buildings
| Altar of Kings | 1 | |
| Farm | 7 | |
| Barracks | 2 | |
| Arcane Vault | 1 | |
| Keep | 1 | |
| Blacksmith | 1 | |
13 total
» build order
00:12 Altar of Kings
00:17 Farm
01:02 Barracks
01:24 Farm
01:46 Barracks
03:05 Farm
03:08 Farm
04:13 Arcane Vault
04:51 Farm
06:23 Keep
06:26 Farm
06:27 Farm
08:05 Blacksmith
HaoHaidongII (
yellow | 2 APM | 22 actions | 09:04)
» actions
| Basic commands | 1 | |
| Right click | 11 | |
| Select / deselect | 8 | |
| Use ability | 2 | |
22 total
Chat log
(00:11 / Allies) Teelo: oh boy
(00:31 / Allies) b00bieZZZ: ummmmmmmmmmmmmm
(00:41 / Allies) b00bieZZZ: lets creep mid assap chodes
(00:53 / Allies) FFASuckC0ck: not mid
(00:59 / Allies) Teelo: well I was going to but now that you call me a "chode"
(01:02 / Allies) mickey: this is a fast tech map guys, decide what you gonna make
(01:08 / Allies) FFASuckC0ck: lol
(01:09 / Allies) b00bieZZZ: mass peasents
(01:10 / Allies) FFASuckC0ck: no1 map
(01:12 / Allies) FFASuckC0ck: is a fast tech map
(01:13 / Allies) Teelo: mass peasants
(01:21 / Allies) b00bieZZZ: lets do it pink
(01:25 / Allies) FFASuckC0ck: even hurricane isle
(01:44 / Allies) b00bieZZZ: ass to mouth or no?
(01:55 / All) b00bieZZZ: tis the real question
(03:17 / Allies) b00bieZZZ: pink
(03:22 / Allies) b00bieZZZ: fuck off if u dont haev any units
(03:32 / Allies) Teelo: IM SORY I THOUGHT THIS WAS A TEAM GAME
(03:37 / Allies) b00bieZZZ: its not
(03:43 / Allies) FFASuckC0ck: pink
(03:44 / Allies) FFASuckC0ck: gtfo
(04:03 / Allies) FFASuckC0ck: back
(04:07 / All) dimameizgegange: :O
(04:12 / Allies) FFASuckC0ck: teal
(04:14 / Allies) FFASuckC0ck: should i bs him
(04:15 / Allies) FFASuckC0ck: ?
(04:43 / Allies) Teelo: go ahead, records are serious business
(04:54 / Allies) FFASuckC0ck: teal
(04:55 / Allies) FFASuckC0ck: u want?
(05:00 / Allies) b00bieZZZ: no
(05:02 / Allies) FFASuckC0ck: k
(05:11 / Allies) Teelo: looks like they're rushing
(05:16 / Allies) Teelo: lucky I towere du p eh
(05:36 / Allies) mickey: no one rushes on this map
(05:40 / Allies) Teelo: they are
(05:43 / Allies) FFASuckC0ck: dont need luck
(05:46 / Allies) FFASuckC0ck: when ur heros are lvl 3
(05:49 / Allies) FFASuckC0ck: and they lvl 1
(06:15 / Allies) FFASuckC0ck: dude
(06:16 / Allies) FFASuckC0ck: cc
(06:17 / Allies) FFASuckC0ck: ......
(06:39 / Allies) b00bieZZZ: knights
(06:45 / Allies) b00bieZZZ: and caster
(06:54 / Allies) b00bieZZZ: lol
(07:08 / Allies) FFASuckC0ck: micro towers
(07:09 / Allies) Teelo: lol they're seriously trying to pushn through
(07:39 / All) 9ocket3dition: it's called dragons hawks
(07:46 / All) 9ocket3dition: makes you useless pink
(07:52 / All) Teelo: ok where are they?
(08:07 / Allies) FFASuckC0ck: teal
(08:38 / Allies) FFASuckC0ck: b pls
(08:39 / Allies) FFASuckC0ck: ?
(08:41 / All) 9ocket3dition: yellow killed his base and wont let us even play him so gg
(08:44 / All) 9ocket3dition: lucky pink
(08:52 / All) 9ocket3dition: was gunna enjoy countering your noob tactis
(08:52 / All) Teelo: lucky you actually
(08:53 / All) FFASuckC0ck: im thinking
(08:59 / All) FFASuckC0ck: i think ill bs pink too
(09:03 / All) Teelo: my team is killing me atm
(09:25 / Allies) b00bieZZZ: pink
(09:27 / Allies) b00bieZZZ: i hate u
(09:30 / Allies) FFASuckC0ck: and he take items
(09:30 / Allies) FFASuckC0ck: hm